 Dungeon Sprint DCSS version 0.22-a0-393-g7f50228948 (webtiles) character file.

16692 Hephaistos the Nimble (level 12, -31/102 HPs)
             Began as a Gnoll Gladiator on May 3, 2018.
             Was the Champion of Trog.
             Killed from afar by an ice dragon (39 damage)
             ... with a blast of cold
             ... in the Dungeon (Sprint IX: "|||||||||||||||||||||||||||||").
             The game lasted 00:06:29 (2950 turns).

Hephaistos the Nimble (Gnoll Gladiator)             Turns: 2950, Time: 00:06:30

Health: -31/102    AC: 23    Str: 20    XL:     12   Next: 40%
Magic:  27/27      EV: 17    Int: 11    God:    Trog [******]
Gold:   622        SH:  0    Dex: 23    Spells: 33/33 levels left

rFire    . . .     SeeInvis +   n - +0 lajatang
rCold    . . .     Gourm    .   (shield currently unavailable)
rNeg     . . .     Faith    .   I - +3 plate armour of Taapamp {rElec Dex+2}
rPois    .         Spirit   .   O - +1 helmet {SInv}
rElec    +         Reflect  .   (no cloak)
rCorr    .         Harm     .   A - +0 pair of gloves
MR       .....     NoTele   +   o - +0 pair of boots
Stlth    +.........             (no amulet)
HPRegen  0.27/turn              r - +3 ring of strength
MPRegen  0.20/turn              q - +2 ring of evasion

@: berserk cooldown, slowed, very slow
A: distributed training, fangs 1, strong nose
a: Berserk, Trog's Hand, Brothers in Arms, Renounce Religion


You were in the Dungeon.
You worshipped Trog.
Trog was exalted by your worship.
You were near starving.

You visited 1 branch You collected 1920 gold pieces.
You spent 1298 gold pieces at shops.

Inventory:

Hand Weapons
 a - a +0 quarterstaff
 n - a +0 lajatang (weapon)
 E - the +8 short sword of the Enchanted Forest {vamp, rF+, unknown}
   (Trog gifted it to you in the Dungeon)

   It inflicts no extra harm, but heals its wielder when it wounds a living foe.
   It protects you from fire.
 H - the +2 long sword of Zuseafan {drain, MR+}
   (You bought it in a shop in the Dungeon)

   A truly terrible weapon, it drains the life of those it strikes.
   It affects your resistance to hostile enchantments.
Missiles
 d - 3 throwing nets (quivered)
 z - 2 silver javelins
 D - 16 javelins of returning
 F - 56 bolts
Armour
 b - a +0 leather armour
 c - a +0 helmet
 o - a +0 pair of boots (worn)
 p - a +0 plate armour
 A - a +0 pair of gloves (worn)
 I - the +3 plate armour of Taapamp (worn) {rElec Dex+2}
   (You bought it in a shop in the Dungeon)

   It affects your dexterity (+2).
   It insulates you from electricity.
 M - a +1 helmet
 N - +0 shadow dragon scales
 O - a +1 helmet of see invisible (worn)
Jewellery
 q - a +2 ring of evasion (right hand)
 r - a +3 ring of strength (left hand)
 J - an uncursed ring of protection from fire
 K - an uncursed ring of protection from magic
 L - an uncursed ring of protection from magic
Wands
 m - a wand of iceblast (10)
Scrolls
 k - 2 scrolls of blinking
 l - 2 scrolls of remove curse
 v - a scroll of fear
 w - 11 scrolls of enchant armour
 x - 2 scrolls of fog
 y - a scroll of identify
 G - a scroll of enchant weapon
Potions
 e - 6 potions of curing
 g - 9 potions of heal wounds
 h - a potion of haste
 i - 4 potions of magic
 j - a potion of invisibility
 s - a potion of agility
 t - 3 potions of brilliance
 u - 2 potions of berserk rage
 B - a potion of lignification {unknown}
Comestibles
 f - 13 rations
 C - 4 chunks of flesh


   Skills:
 + Level 12.2 Fighting
 + Level 11.4 Short Blades
 + Level 11.4 Long Blades
 + Level 11.4 Axes
 + Level 11.4 Maces & Flails
 + Level 11.4 Polearms
 + Level 12.9 Staves
 + Level 11.4 Slings
 + Level 11.4 Bows
 + Level 11.4 Crossbows
 + Level 12.2 Throwing
 + Level 11.4 Armour
 + Level 12.9 Dodging
 + Level 11.4 Stealth
 + Level 11.4 Shields
 + Level 11.4 Unarmed Combat
 + Level 11.4 Spellcasting
 + Level 9.7 Conjurations
 + Level 9.7 Hexes
 + Level 9.7 Charms
 + Level 9.7 Summonings
 + Level 9.7 Necromancy
 + Level 9.7 Translocations
 + Level 9.7 Transmutations
 + Level 9.7 Fire Magic
 + Level 9.7 Ice Magic
 + Level 9.7 Air Magic
 + Level 9.7 Earth Magic
 + Level 9.7 Poison Magic
 + Level 12.3 Invocations
 + Level 11.4 Evocations


You had 33 spell levels left.
You didn't know any spells.

Dungeon Overview and Level Annotations

Branches:
Dungeon (1/1)

Altars:
Cheibriados
Dithmenos
Elyvilon
Fedhas
Gozag
Hepliaklqana
Kikubaaqudgha
Makhleb
Nemelex Xobeh
Okawaru
Qazlal
Ru
Sif Muna
Trog
Uskayaw
Vehumet
Wu Jian
Xom
Yredelemnul
Zin
The Shining One
Beogh
Jiyva
Lugonu

Shops:
D *?([


Innate Abilities, Weirdness & Mutations

Your experience applies equally to all skills.
You have very sharp teeth.
Your uncanny sense of smell can sniff out nearby items.


Message History

Your troll goes berserk!
You are near starving!
The ice dragon breathes frost at you. The blast of cold hits your cyclops.
Your cyclops dies!
Your cyclops's corpse disappears in a puff of smoke!
The blast of cold hits you!
* * * LOW HITPOINT WARNING * * *
The ogre mage mumbles some strange words.
The ogre mage blinks!
You swap places.
Your troll bites the ice dragon.
Your troll claws the ice dragon! x2
Things that are here:
31 sling bullets; an uncursed shortbow; 13 arrows Unknown command.
Your troll bites the ice dragon.
Your troll claws the ice dragon.
Your troll claws the ice dragon but does no damage.
The ice dragon breathes frost at you. The blast of cold hits your troll.
The blast of cold hits you!
You die...

▓.▓.▓.▓.▓.▓.▓_▓
▓.▓.▓(▓.▓.▓.▓_▓
▓.▓.▓.▓.▓.▓.▓_▓
▓.▓.▓.▓.▓.▓.▓_▓
▓.▓.▓.▓.▓.▓.▓_▓
▓(▓.▓)▓.▓.▓.▓_▓
▓(▓.▓[▓.▓(▓.▓_▓
▓(▓.▓[▓.▓'▓.▓'▓
▓@▓.▓[▓.▓.▓.▓.▓
▓(▓.▓.▓.▓.▓.▓?▓
▓(▓.▓.▓.▓.▓.▓|▓
▓T▓.▓.▓.▓.▓.▓)▓
▓D▓.▓∩▓.▓.▓.▓.▓
▓C▓.▓.▓.▓.▓.▓[▓
▓p▓.▓∩▓.▓.▓.▓.▓
▓.▓.▓.▓.▓.▓.▓.▓
▓O▓.▓∩▓.▓.▓.▓.▓


You could see a fire giant, an ice dragon, a necromancer (invisible) and a
friendly troll (berserk).

Vanquished Creatures
  A stone giant (D)
  Josephine (D)
  An ogre mage (D)
  A hydra (D)
  Erolcha (D)
  2 centaur warriors (D)
  3 deep trolls (D)
  2 orc knights (D)
  An oklob plant (D)
  2 spiny frogs (D)
  2 komodo dragons (D)
  4 trolls (D)
  2 polar bears (D)
  A hornet (D)
  A blink frog (D)
  A hippogriff (D)
  A wyvern (D)
  5 wraiths (D)
  A yak (D)
  Eustachio (D)
  An acid dragon (D)
  A water moccasin (D)
  A porcupine (D)
  6 black bears (D)
  2 sky beasts (D)
  10 orc warriors (D)
  An ogre (D)
  A centaur (D)
  2 crocodiles (D)
  2 bullfrogs (D)
  4 orc priests (D)
  A jelly (D)
  3 orc wizards (D)
  An iguana (D)
  A worker ant (D)
  A gnoll (D)
  2 leopard geckos (D)
  8 orcs (D)
  3 bats (D)
  A bat skeleton (D)
  A bat zombie (D)
  A hobgoblin (D)
  A quokka (D)
89 creatures vanquished.

Vanquished Creatures (collateral kills)
  An ettin (D)
  2 centaur warriors (D)
  A deep troll (D)
  An elephant (D)
  A spiny frog (D)
  3 trolls (D)
  A crocodile (D)
10 creatures vanquished.

Vanquished Creatures (others)
  A vampire (D)
1 creature vanquished.

Grand Total: 100 creatures vanquished

Notes
Turn   | Place    | Note
-------+----------+-------------------------------------------
     0 | D        | Hephaistos the Gnoll Gladiator began the quest for the Orb.
     0 | D        | Reached XP level 1. HP: 20/20 MP: 1/1
    12 | D        | Reached skill level 1 in Invocations
    15 | D        | Reached skill level 1 in Short Blades
    15 | D        | Reached skill level 1 in Long Blades
    15 | D        | Reached skill level 1 in Axes
    15 | D        | Reached skill level 1 in Maces & Flails
    15 | D        | Reached skill level 1 in Polearms
    15 | D        | Reached skill level 1 in Slings
    15 | D        | Reached skill level 1 in Bows
    15 | D        | Reached skill level 1 in Crossbows
    15 | D        | Reached skill level 1 in Armour
    15 | D        | Reached skill level 1 in Stealth
    15 | D        | Reached skill level 1 in Shields
    15 | D        | Reached skill level 1 in Unarmed Combat
    15 | D        | Reached skill level 1 in Spellcasting
    15 | D        | Reached skill level 1 in Evocations
    21 | D        | Reached XP level 2. HP: 21/26 MP: 1/3
    86 | D        | Noticed a sky beast
    90 | D        | Reached skill level 1 in Conjurations
    90 | D        | Reached skill level 1 in Hexes
    90 | D        | Reached skill level 1 in Charms
    90 | D        | Reached skill level 1 in Summonings
    90 | D        | Reached skill level 1 in Necromancy
    90 | D        | Reached skill level 1 in Translocations
    90 | D        | Reached skill level 1 in Transmutations
    90 | D        | Reached skill level 1 in Fire Magic
    90 | D        | Reached skill level 1 in Ice Magic
    90 | D        | Reached skill level 1 in Air Magic
    90 | D        | Reached skill level 1 in Earth Magic
    90 | D        | Reached skill level 1 in Poison Magic
    90 | D        | Reached XP level 3. HP: 32/32 MP: 3/5
    93 | D        | Reached skill level 5 in Fighting
    93 | D        | Reached skill level 5 in Throwing
    96 | D        | Killed a sky beast
    96 | D        | Reached XP level 4. HP: 34/39 MP: 3/8
    96 | D        | Reached XP level 5. HP: 40/45 MP: 3/9
   105 | D        | Found a roughly hewn altar of Beogh.
   105 | D        | Found a snail-covered altar of Cheibriados.
   105 | D        | Found a shadowy altar of Dithmenos.
   105 | D        | Found a white marble altar of Elyvilon.
   105 | D        | Found a blossoming altar of Fedhas.
   105 | D        | Found an opulent altar of Gozag.
   106 | D        | Found a hazy altar of Hepliaklqana.
   107 | D        | Found a viscous altar of Jiyva.
   108 | D        | Found an ancient bone altar of Kikubaaqudgha.
   109 | D        | Found a corrupted altar of Lugonu.
   110 | D        | Found a burning altar of Makhleb.
   111 | D        | Found a sparkling altar of Nemelex Xobeh.
   112 | D        | Found an iron altar of Okawaru.
   113 | D        | Found a stormy altar of Qazlal.
   114 | D        | Found a sacrificial altar of Ru.
   115 | D        | Found a deep blue altar of Sif Muna.
   116 | D        | Found a bloodstained altar of Trog.
   117 | D        | Found a hide-covered altar of Uskayaw.
   118 | D        | Found a radiant altar of Vehumet.
   119 | D        | Found an ornate altar of the Wu Jian Council.
   120 | D        | Found a shimmering altar of Xom.
   121 | D        | Found a basalt altar of Yredelemnul.
   122 | D        | Found a glowing silver altar of Zin.
   123 | D        | Found a glowing golden altar of the Shining One.
   134 | D        | Became a worshipper of Trog the Wrathful
   209 | D        | Noticed a hornet
   209 | D        | Noticed an ogre
   209 | D        | Noticed an orc warrior
   209 | D        | Noticed a sky beast
   231 | D        | Killed a hornet
   231 | D        | Reached skill level 5 in Invocations
   231 | D        | Reached XP level 6. HP: 25/53 MP: 9/12
   234 | D        | Reached * piety under Trog
   240 | D        | Killed an orc warrior
   240 | D        | Reached skill level 5 in Short Blades
   240 | D        | Reached skill level 5 in Long Blades
   240 | D        | Reached skill level 5 in Axes
   240 | D        | Reached skill level 5 in Maces & Flails
   240 | D        | Reached skill level 5 in Polearms
   240 | D        | Reached skill level 5 in Slings
   240 | D        | Reached skill level 5 in Bows
   240 | D        | Reached skill level 5 in Crossbows
   240 | D        | Reached skill level 5 in Armour
   240 | D        | Reached skill level 5 in Stealth
   240 | D        | Reached skill level 5 in Shields
   240 | D        | Reached skill level 5 in Unarmed Combat
   240 | D        | Reached skill level 5 in Spellcasting
   240 | D        | Reached skill level 5 in Evocations
   240 | D        | Reached XP level 7. HP: 30/60 MP: 10/14
   255 | D        | Reached ** piety under Trog
   498 | D        | Noticed a troll
   498 | D        | Noticed a centaur warrior
   505 | D        | Killed a troll
   505 | D        | Reached XP level 8. HP: 67/67 MP: 15/17
   507 | D        | Reached skill level 5 in Conjurations
   507 | D        | Reached skill level 5 in Hexes
   507 | D        | Reached skill level 5 in Charms
   507 | D        | Reached skill level 5 in Summonings
   507 | D        | Reached skill level 5 in Necromancy
   507 | D        | Reached skill level 5 in Translocations
   507 | D        | Reached skill level 5 in Transmutations
   507 | D        | Reached skill level 5 in Fire Magic
   507 | D        | Reached skill level 5 in Ice Magic
   507 | D        | Reached skill level 5 in Air Magic
   507 | D        | Reached skill level 5 in Earth Magic
   507 | D        | Reached skill level 5 in Poison Magic
   512 | D        | Killed a centaur warrior
   512 | D        | Reached *** piety under Trog
   513 | D        | Received a gift from Trog
   518 | D        | Reached XP level 9. HP: 56/75 MP: 17/19
   664 | D        | Noticed a spiny frog
   664 | D        | Noticed a spiny frog
   669 | D        | Killed a spiny frog
   671 | D        | Killed a spiny frog
   671 | D        | Reached **** piety under Trog
   676 | D        | Reached skill level 10 in Staves
   676 | D        | Reached skill level 10 in Dodging
   686 | D        | Reached ***** piety under Trog
   688 | D        | Received a gift from Trog
   796 | D        | Noticed an oklob plant
   809 | D        | Killed an oklob plant
  1047 | D        | Noticed a komodo dragon
  1047 | D        | Noticed a seven-headed hydra
  1047 | D        | Noticed a komodo dragon
  1051 | D        | Killed a komodo dragon
  1051 | D        | Received a gift from Trog
  1051 | D        | Reached XP level 10. HP: 83/83 MP: 22/22
  1056 | D        | Noticed a spiny frog
  1056 | D        | Killed a ten-headed hydra
  1061 | D        | Noticed an elephant
  1072 | D        | Reached skill level 10 in Fighting
  1072 | D        | Reached skill level 10 in Throwing
  1074 | D        | Killed a spiny frog
  1077 | D        | Killed an elephant
  1300 | D        | Received a gift from Trog
  1310 | D        | Reached skill level 10 in Invocations
  1458 | D        | Noticed Josephine
  1480 | D        | Killed Josephine
  1480 | D        | Received a gift from Trog
  1480 | D        | Reached XP level 11. HP: 54/92 MP: 24/24
  1487 | D        | Reached ****** piety under Trog
  1860 | D        | Noticed Erolcha
  1877 | D        | Killed Erolcha
  1910 | D        | Received a gift from Trog
  1915 | D        | Received a gift from Trog
  1918 | D        | Received a gift from Trog
  1969 | D        | Got a transparent short sword {god gift}
  2168 | D        | Noticed an orc knight
  2170 | D        | Noticed an orc knight
  2173 | D        | Killed an orc knight
  2173 | D        | Received a gift from Trog
  2173 | D        | Reached skill level 10 in Short Blades
  2173 | D        | Reached skill level 10 in Long Blades
  2173 | D        | Reached skill level 10 in Axes
  2173 | D        | Reached skill level 10 in Maces & Flails
  2173 | D        | Reached skill level 10 in Polearms
  2173 | D        | Reached skill level 10 in Slings
  2173 | D        | Reached skill level 10 in Bows
  2173 | D        | Reached skill level 10 in Crossbows
  2173 | D        | Reached skill level 10 in Armour
  2173 | D        | Reached skill level 10 in Stealth
  2173 | D        | Reached skill level 10 in Shields
  2173 | D        | Reached skill level 10 in Unarmed Combat
  2173 | D        | Reached skill level 10 in Spellcasting
  2173 | D        | Reached skill level 10 in Evocations
  2188 | D        | Killed an orc knight
  2188 | D        | Received a gift from Trog
  2197 | D        | Received a gift from Trog
  2465 | D        | Found Wamel's General Store.
  2465 | D        | Noticed a deep troll
  2465 | D        | Noticed a deep troll
  2465 | D        | Noticed an ettin
  2465 | D        | Noticed a stone giant
  2469 | D        | Killed a deep troll
  2469 | D        | Received a gift from Trog
  2477 | D        | Killed a deep troll
  2477 | D        | Received a gift from Trog
  2478 | D        | Found Ciffyn's Magic Scroll Shoppe.
  2482 | D        | Killed a stone giant
  2484 | D        | Noticed a deep troll
  2485 | D        | Killed an ettin
  2485 | D        | Received a gift from Trog
  2491 | D        | Killed a deep troll
  2491 | D        | Received a gift from Trog
  2492 | D        | Reached XP level 12. HP: 97/101 MP: 26/26
  2632 | D        | Found Opuese Neqi's Antique Weapon Emporium.
  2636 | D        | Found Gefawiem's Antique Armour Shoppe.
  2641 | D        | Noticed an ogre mage
  2658 | D        | Killed an ogre mage
  2661 | D        | Received a gift from Trog
  2702 | D        | Bought a scroll of enchant weapon for 75 gold pieces
  2702 | D        | Bought a scroll of enchant armour for 75 gold pieces
  2704 | D        | Bought a scorched long sword for 280 gold pieces
  2706 | D        | Bought a brightly glowing plate armour for 868 gold pieces
  2716 | D        | Identified the +3 plate armour of Taapamp {rElec Dex+2} (You bought it in a shop in the Dungeon)
  2716 | D        | Identified the cursed +2 long sword of Zuseafan {drain, MR+} (You bought it in a shop in the Dungeon)
  2766 | D        | Noticed Eustachio
  2782 | D        | Killed Eustachio
  2909 | D        | Noticed a centaur warrior
  2915 | D        | Noticed a centaur warrior
  2918 | D        | Noticed a centaur warrior
  2929 | D        | Noticed an ice dragon
  2934 | D        | Noticed a fire giant
  2934 | D        | Killed a centaur warrior
  2934 | D        | Received a gift from Trog
  2945 | D        | Killed a centaur warrior
  2947 | D        | Noticed an ogre mage
  2947 | D        | Killed a centaur warrior
  2947 | D        | Received a gift from Trog
  2950 | D        | Killed from afar by an ice dragon

Vault maps used:
D:        linesprint

Skill      XL: |  1  2  3  4  5  6  7  8  9 10 11 12 |
---------------+-------------------------------------+-----
Invocations    | 1 2 3 5 6 7 9 10 11 12 | 12.3
Short Blades   | 1 3 4 5 6 8 9 10 11 | 11.4
Long Blades    | 1 3 4 5 6 8 9 10 11 | 11.4
Axes           | 1 3 4 5 6 8 9 10 11 | 11.4
Maces & Flails | 1 3 4 5 6 8 9 10 11 | 11.4
Polearms       | 1 3 4 5 6 8 9 10 11 | 11.4
Slings         | 1 3 4 5 6 8 9 10 11 | 11.4
Bows           | 1 3 4 5 6 8 9 10 11 | 11.4
Crossbows      | 1 3 4 5 6 8 9 10 11 | 11.4
Armour         | 1 3 4 5 6 8 9 10 11 | 11.4
Stealth        | 1 3 4 5 6 8 9 10 11 | 11.4
Shields        | 1 3 4 5 6 8 9 10 11 | 11.4
Unarmed Combat | 1 3 4 5 6 8 9 10 11 | 11.4
Spellcasting   | 1 3 4 5 6 8 9 10 11 | 11.4
Evocations     | 1 3 4 5 6 8 9 10 11 | 11.4
Conjurations   | 1 2 3 4 5 6 8 9 |  9.7
Hexes          | 1 2 3 4 5 6 8 9 |  9.7
Charms         | 1 2 3 4 5 6 8 9 |  9.7
Summonings     | 1 2 3 4 5 6 8 9 |  9.7
Necromancy     | 1 2 3 4 5 6 8 9 |  9.7
Translocations | 1 2 3 4 5 6 8 9 |  9.7
Transmutations | 1 2 3 4 5 6 8 9 |  9.7
Fire Magic     | 1 2 3 4 5 6 8 9 |  9.7
Ice Magic      | 1 2 3 4 5 6 8 9 |  9.7
Air Magic      | 1 2 3 4 5 6 8 9 |  9.7
Earth Magic    | 1 2 3 4 5 6 8 9 |  9.7
Poison Magic   | 1 2 3 4 5 6 8 9 |  9.7
Fighting       | 5 6 7 8 9 10 11 12 | 12.2
Throwing       | 5 6 7 8 9 10 11 12 | 12.2
Staves         | 7 8 9 10 11 12 | 12.9
Dodging        | 7 8 9 10 11 12 | 12.9

Action                   |  1- 3 |  4- 6 |  7- 9 | 10-12 || total
-------------------------+-------+-------+-------+-------++-------
Melee: Quarterstaff      |    24 |     2 |       |       ||    26
       Lajatang          |       |    29 |    64 |   246 ||   339
       Bite              |       |       |    11 |    38 ||    49
Invok: Berserk           |       |     1 |     3 |     6 ||    10
       Brothers in Arms  |       |       |       |     4 ||     4
       Trog's Hand       |       |       |       |     1 ||     1
  Use: Potion            |     1 |       |       |       ||     1
       Scroll            |       |       |       |     1 ||     1
  Eat: Chunk             |       |       |     3 |    13 ||    16
Armor: Leather armour    |     6 |     1 |       |       ||     7
       Plate armour      |       |    13 |    18 |    85 ||   116
Dodge: Dodged            |    12 |    25 |    20 |   137 ||   194

Table legend:
 A = Spawn XP
 B = Non-spawn XP
 C = Spawn XP percentage of total XP
 D = Spawn monster count
 E = Non-spawn monster count
 F = Spawn count percentage of total count
 G = Total turns spent on level
                    A         B        C        D         E        F      G
               +---------+---------+-------+---------+---------+-------+---------
         Total |       0 |   23847 |   0.0 |       0 |     100 |   0.0 |  2950
               +---------+---------+-------+---------+---------+-------+---------
             D |       0 |   23847 |   0.0 |       0 |     100 |   0.0 |  2950
               +---------+---------+-------+---------+---------+-------+---------
